[Event "*** Titled Tuesday Blitz"]
[Site "Chess.com"]
[Date "2019.06.04"]
[Round "4"]
[White "NMJeevanK"]
[Black "dereito"]
[Result "1-0"]
[WhiteElo "2427"]
[BlackElo "2275"]
[TimeControl "180+2"]
[EndTime "13:51:42 PDT"]
[Termination "NMJeevanK won by checkmate"]

1. e4 d5 2. exd5 Qxd5 3. Nc3 Qd6 4.
Nf3 Nf6 5. d4 g6 6. Be2 Bg7 7.
O-O O-O 8. Be3 a6 9. h3 Rd8 10. Qd2 b5 11. a3 Bb7 12. Bf4 Qb6 13. Rad1 c5 14. dxc5 Rxd2 15. cxb6 Rxc2 16. Rd8+ Bf8 17. Rxb8 Rxb8 18. Bxb8 Rxb2 19. Be5 Rb3 20. Ra1 Nd7 21.
Bd4 e5 22. Nxe5 Nxe5 23. Bxe5 Bxa3 24. Bd1 Bb2 25. Rb1 Bxc3 26. Rxb3 Bxe5 27. Rd3 Kf8 28.
Bf3 Bxf3 29. gxf3 Bf4 30. b7 Ke7 31. Rc3 a5 32. Rc5 b4 33. Rxa5 Kd7 34. Ra8 Kc6 35.
b8=Q Bxb8 36. Rxb8 Kc5 37. Kf1 Kc4 38. Ke2 Kc3 39.
Rc8+ Kd4 40. Kd2 b3 41. Rf8 f5 42. Rh8 h5 43. Rg8 b2 44. Kc2 b1=Q+ 45. Kxb1 Kd3 46.
Rxg6 Ke2 47. Rg5 Kxf3 48. Rxf5+ Kg2 49. Rxh5 Kxf2 50. Rg5 Kf3 51. Rg8 Kf4 52. h4 Kf5 53. h5 Kf6 54. h6 Kf7 55. h7 Ke6 56. h8=Q Kf7 57. Rg7+ Ke6 58. Qh6+ Kf5 59. Rg5+ Ke4 60. Qh4+ Kf3 61. Rg3+ Ke2 62. Qh2+ Kf1 63. Rg1# 1-0

[Event "*** Titled Tuesday Blitz"]
[Site "Chess.com"]
[Date "2019.06.04"]
[Round "4"]
[White "Witik"]
[Black "Fins0905"]
[Result "1-0"]
[WhiteElo "2615"]
[BlackElo "2677"]
[TimeControl "180+2"]
[EndTime "13:51:42 PDT"]
[Termination "Witik won by checkmate"]

1. d4 d5 2. Bf4 c5 3. e3 cxd4 4.
exd4 Nc6 5. c3 Nf6 6. Bd3 Bg4 7.
Qb3 Qc8 8. Nd2 e6 9. Ngf3 Be7 10. O-O O-O 11. Rfe1 a6 12. a4 Bd8 13. Ne5 Nxe5 14. dxe5 Nd7 15. Qc2 h6 16. Re3 Nc5 17. Bh7+ Kh8 18.
b4 Nd7 19. Rg3 Bh5 20. Bd3 f6 21. Bg6 fxe5 22. Bxh6 gxh6 23. Bxh5 e4 24. Nxe4 dxe4 25. Qxe4 Bg5 26. h4 Rf4 27. Qxe6 Rxh4 28. Rxg5 hxg5 29. Qh6+ Kg8 30. Qxg5+ Kf8 31. Qxh4 Qxc3 32. Qf4+ Nf6 33. Rc1 Qb2 34. Rc7 Rd8 35. Rf7+ Kg8 36. Qg5+ Kh8 37. Qg7# 1-0

[Event "*** Titled Tuesday Blitz"]
[Site "Chess.com"]
[Date "2019.06.04"]
[Round "4"]
[White "FelixBlohberger"]
[Black "Zhuu96"]
[Result "0-1"]
[WhiteElo "2614"]
[BlackElo "2945"]
[TimeControl "180+2"]
[EndTime "13:51:43 PDT"]
[Termination "Zhuu96 won by resignation"]

1. e4 c5 2. Nf3 d6 3. d4 cxd4 4. Nxd4 Nf6 5. Nc3 a6 6. Be3 Ng4 7. Bc1 g6 8. f3 Nf6 9. Be3 Bg7 10. Qd2 O-O 11. O-O-O b5 12. Bh6 Bb7 13. h4 b4 14.
Nce2 e5 15. Nb3 a5 16. Kb1 a4 17. Nbc1 d5 18. h5 Qb6 19. hxg6 fxg6 20. Bxg7 Kxg7 21. exd5 Bxd5 22. Qh6+ Kf7 23. Rxd5 Nxd5 24. Ng3 Ke8 25. Qxh7 a3 26. Bc4 axb2 27. Bxd5 bxc1=Q+ 28. Rxc1 Ra7 29. Qh4 Nd7 30. Bb3 Nc5 31. Ne4 Nxe4 32. Qxe4 Qd6 33. Qc4 Rc7 34. Qb5+ Ke7 35. Re1 Kf6 36. Qe2 Rd8 37.
g3 Re7 38. Qe4 Qd4 39. Qc6+ Rd6 40. Qc8 Rd8 41. Qc6+ Kg7 42. Qa6 Qc3 43. Qe2 Rd2 44.
Qe4 Rd4 45. Qe2 e4 46. f4 Rd2 47. Qb5 Rxc2 48. Bxc2 Qxe1+ 49. Kb2 Qc3+ 50. Kb1 Rc7 51.
Qe2 e3 52. g4 Qd2 53. Qxd2 exd2 54. Kb2 Rc4 55. f5 g5 56. Bd1 Rc1 0-1

[Event "*** Titled Tuesday Blitz"]
[Site "Chess.com"]
[Date "2019.06.04"]
[Round "4"]
[White "PulpanJ"]
[Black "Antipov_Mikhail_Al"]
[Result "0-1"]
[WhiteElo "2643"]
[BlackElo "2879"]
[TimeControl "180+2"]
[EndTime "13:51:45 PDT"]
[Termination "Antipov_Mikhail_Al won on time"]

1. e4 e6 2. d4 d5 3. Nd2 h6 4. Bd3 c5 5. dxc5 Bxc5 6. Qe2 Nf6 7. Ngf3 Nc6 8. c3 O-O 9. h3 Bb6 10. O-O e5 11. Re1 Re8 12. b4 Nh5 13. Nf1 a6 14. exd5 Qxd5 15. Be4 Qd6 16. Be3 Bxe3 17. Qxe3 Nf4 18. Rad1 Qf6 19. a4 Ne7 20. Nxe5 Be6 21. Nd3 Ned5 22. Qf3 Qxc3 23. Nxf4 Qxf3 24. Bxf3 Nxf4 25.
Bxb7 Rab8 26. Bxa6 Rxb4 27. Bb5 Rc8 28. Rc1 Rxc1 29.
Rxc1 Rxb5 30. Re1 Ra5 31. Re4 Nd5 32. Ne3 Nxe3 33. fxe3 Bd7 34. Re7 Bxa4 35. Re5 Rxe5 0-1

[Event "*** Titled Tuesday Blitz"]
[Site "Chess.com"]
[Date "2019.06.04"]
[Round "4"]
[White "LawrenceTrent"]
[Black "nrvisakh"]
[Result "0-1"]
[WhiteElo "2689"]
[BlackElo "2753"]
[TimeControl "180+2"]
[EndTime "13:51:46 PDT"]
[Termination "nrvisakh won by resignation"]

1. e4 c5 2. Nc3 d6 3. f4 g6 4.
Nf3 Bg7 5. Bb5+ Bd7 6. Bc4 e6 7. O-O Ne7 8. d3 Nbc6 9. a3 Nd4 10. Nxd4 cxd4 11. Ne2 d5 12. Bb3 dxe4 13. dxe4 Bb5 14. Rf3 O-O 15. Ng3 Rc8 16. f5 exf5 17. exf5 Nd5 18.
Ne4 Ne3 19. Bxe3 dxe3 20. Qxd8 Rcxd8 21. c3 e2 22. fxg6 hxg6 23. Re1 Bh6 24. c4 Bc6 25. Rxe2 f5 26. Rh3 Bxe4 27. Rxh6 Kg7 28. Rh3 Rd4 29.
Rc3 Rfd8 30. Bc2 Bc6 31. b4 b6 32. c5 b5 33. Re6 Bd5 34. Re7+ Kf6 35. Rxa7 Rd2 36.
Ra6+ Kg7 37. Rd6 Re8 38. Rf3 Re1+ 39. Rf1 Rxg2+ 0-1

[Event "*** Titled Tuesday Blitz"]
[Site "Chess.com"]
[Date "2019.06.04"]
[Round "4"]
[White "MFBerna"]
[Black "Oleg_Papayan"]
[Result "0-1"]
[WhiteElo "2374"]
[BlackElo "2546"]
[TimeControl "180+2"]
[EndTime "13:51:48 PDT"]
[Termination "Oleg_Papayan won by resignation"]

1. e4 c6 2. d4 d5 3. exd5 cxd5 4.
Bd3 Nc6 5. c3 Qc7 6. Nf3 Bg4 7.
O-O e6 8. Re1 Bd6 9. h3 Bxf3 10.
Qxf3 Nge7 11. Nd2 O-O 12. Qh5 Ng6 13. Nf3 Be7 14. Bg5 a6 15. Bxe7 Ncxe7 16. Ne5 Nc6 17. Nxc6 bxc6 18. Re3 c5 19. dxc5 Qxc5 20. Rae1 Rab8 21.
b3 Qxc3 22. Bxa6 Qa5 23. Bd3 Qxa2 24. Bxg6 hxg6 25. Qf3 Rfc8 26. h4 Rc2 27. Qg3 Rbc8 28. Rf3 Rc1 29. Rxc1 Rxc1+ 30. Kh2 Rc8 31. Qf4 Qa7 32.
Rg3 Qc7 33. Qg4 Qe5 34. b4 Rc4 35. Qh3 Rxb4 36. Kg1 Qe1+ 37. Kh2 Qxf2 38. h5 g5 39. Rg4 Rxg4 40. Qxg4 Qf4+ 41. Qxf4 gxf4 0-1

[Event "*** Titled Tuesday Blitz"]
[Site "Chess.com"]
[Date "2019.06.04"]
[Round "4"]
[White "AsaHoffmann"]
[Black "NemtsevIgor"]
[Result "1-0"]
[WhiteElo "2186"]
[BlackElo "2256"]
[TimeControl "180+2"]
[EndTime "13:51:49 PDT"]
[Termination "AsaHoffmann won by resignation"]

1. d4 c6 2. Bf4 d6 3. Nf3 h6 4. e4 g5 5. Be3 Bg7 6. c3 Nd7 7. Bc4 Ngf6 8. Nbd2 Ng4 9. Qe2 Nxe3 10. Qxe3 b5 11.
Bb3 Qc7 12. g4 c5 13. O-O-O c4 14. Bc2 a5 15. h4 gxh4 16. Rxh4 b4 17. Ba4 Kf8 18.
g5 Nb6 19. gxh6 Bf6 20. Bc2 Bxh4 21. Nxh4 bxc3 22. bxc3 Rb8 23. Qf4 Ke8 24. Rg1 e5 25. Qf6 Rf8 26. h7 Be6 27. h8=Q Rxh8 28. Qxh8+ Kd7 29.
Qg7 exd4 30. Qxd4 Qc6 31. Nf5 Bxf5 32. exf5 Qb5 33. Kd1 Re8 34. Ne4 Nd5 35. Rg7 Kc6 36. Rxf7 Re5 37. Nd2 Qb2 38. Qxc4+ Kb6 39. Qb3+ Qxb3 40.
Bxb3 Nxc3+ 41. Kc2 Ne2 42. f6 Nd4+ 43. Kd3 Nb5 44.
Nc4+ Kc5 45. Nxe5 dxe5 46. Rd7 1-0

[Event "*** Titled Tuesday Blitz"]
[Site "Chess.com"]
[Date "2019.06.04"]
[Round "4"]
[White "NoGalloNoParty"]
[Black "xberli"]
[Result "1-0"]
[WhiteElo "2360"]
[BlackElo "2474"]
[TimeControl "180+2"]
[EndTime "13:51:53 PDT"]
[Termination "NoGalloNoParty won by resignation"]

1. d4 Nf6 2. Nf3 g6 3. c4 Bg7 4. g3 O-O 5. Bg2 c6 6. Nc3 d6 7. O-O Bf5 8. Nd2 e5 9. e4 Be6 10. d5 cxd5 11. cxd5 Bd7 12. Nc4 Qe7 13. b3 Na6 14.
Ba3 Ne8 15. Bb2 Rc8 16. Rc1 b5 17. Na5 Qd8 18. Nc6 Bxc6 19. dxc6 Rxc6 20. Nd5 Rxc1 21. Qxc1 Nc5 22. Rd1 Nf6 23. Bxe5 dxe5 24. Qxc5 Nxd5 25.
Rxd5 Qa5 26. Bf1 Qxa2 27. Qxb5 h5 28. Rd7 h4 29. Qd5 hxg3 30. hxg3 Qa1 31. Kg2 Qd4 32. Qb7 Qb6 33. Qxb6 axb6 34. Bc4 Bf6 35. Rd6 Bd8 36. Rd7 Kg7 37. f4 exf4 38. gxf4 g5 39.
Kf3 gxf4 40. Kxf4 Bh4 41. e5 Kg6 42. Bd3+ Kg7 43. Kf5 Bf2 44. Bc4 Bc5 45. e6 Kh6 46.
e7 Re8 47. Kf6 Rg8 48. Bxf7 Bxe7+ 49. Kxe7 Rb8 50. Kd6 Kg5 51. Kc6 1-0

[Event "*** Titled Tuesday Blitz"]
[Site "Chess.com"]
[Date "2019.06.04"]
[Round "4"]
[White "oogee"]
[Black "Babas"]
[Result "0-1"]
[WhiteElo "2325"]
[BlackElo "2386"]
[TimeControl "180+2"]
[EndTime "13:51:54 PDT"]
[Termination "Babas won by resignation"]

1. d4 Nf6 2. c4 c5 3. d5 e6 4. Nc3 exd5 5. cxd5 d6 6. Nf3 g6 7. Nd2 Ng4 8. h3 Ne5 9. g3 Qe7 10. Qc2 Bg7 11. Bg2 O-O 12. O-O Na6 13. Re1 Bf5 14.
Qd1 Rab8 15. f4 Nb4 16. e4 Ned3 17. Re2 Bd7 18. a3 Na6 19. Nf3 c4 20. Be3 Nac5 21.
Ne1 Nxb2 22. Rxb2 Bxc3 23. Bd4 Bxd4+ 24. Qxd4 Nb3 25. Qd1 Nxa1 26. Qxa1 b5 27. Re2 f6 28.
Nf3 a5 29. e5 dxe5 30. fxe5 fxe5 31. Nxe5 Qf6 32. Qd4 Bf5 33. d6 Rfd8 34. Qd5+ Kg7 35. Nc6 Rxd6 36. Qf3 Rf8 37. Re7+ Rf7 38. Re8 Bd7 39.
Qxf6+ Rdxf6 40. Re7 Bxc6 41. Rxf7+ Kxf7 42. Bxc6 Rxc6 0-1

[Event "*** Titled Tuesday Blitz"]
[Site "Chess.com"]
[Date "2019.06.04"]
[Round "4"]
[White "MagnutssCarleson"]
[Black "MarcoRiehle"]
[Result "0-1"]
[WhiteElo "2289"]
[BlackElo "2540"]
[TimeControl "180+2"]
[EndTime "13:51:56 PDT"]
[Termination "MarcoRiehle won by checkmate"]

1. b3 e5 2. Bb2 Nc6 3. e3 Nf6 4. Bb5 Bd6 5. Na3 a6 6. Be2 Qe7 7. Nc4 Bc5 8. Nf3 e4 9. Nfe5 d5 10. Nxc6 bxc6 11. Ne5 Bd7 12. O-O Bd6 13. f4 exf3 14.
Nxf3 O-O 15. Bd3 Ne4 16. Qe1 c5 17. Qe2 c6 18. c4 a5 19. Bc2 Bg4 20. Qe1 Rae8 21. Kh1 Bb8 22. d3 Nf6 23. e4 dxe4 24. dxe4 Nxe4 25. Qxa5 Qd6 26. Rad1 Qh6 27. h3 Ng3+ 28. Kg1 Nxf1 29. Rxf1 Re2 30. Qc3 Bxf3 31. Rxf3 Be5 32. Qd3 Rd2 33. Bxe5 Rxd3 34. Bxd3 f6 35. Bd6 Re8 36. Bxc5 Re1+ 37. Kh2 Qg5 38. Bf2 Rd1 39.
Be4 Qc1 40. Bxc6 Rh1+ 41. Kg3 Qg5# 0-1

[Event "*** Titled Tuesday Blitz"]
[Site "Chess.com"]
[Date "2019.06.04"]
[Round "4"]
[White "cool4chess"]
[Black "lexiel"]
[Result "1-0"]
[WhiteElo "2339"]
[BlackElo "2186"]
[TimeControl "180+2"]
[EndTime "13:51:56 PDT"]
[Termination "cool4chess won by resignation"]

1. e4 c5 2. Nf3 d6 3. d4 cxd4 4.
Nxd4 Nf6 5. Nc3 Nc6 6. Bg5 Bd7 7. Qd2 h6 8. Bxf6 gxf6 9. O-O-O a6 10. f4 e6 11. Kb1 Qb6 12. Nb3 O-O-O 13. Be2 h5 14. Rhf1 Kb8 15. f5 Be7 16. Qf4 Ne5 17. Nd4 Rc8 18.
Qe3 Nc4 19. Bxc4 Rxc4 20. fxe6 fxe6 21. Qd3 Rhc8 22. Ka1 Qb4 23. Nb3 a5 24. a3 Qb6 25.
Nd2 R4c7 26. Rf3 d5 27. Ndb1 Bc6 28. exd5 exd5 29. Rh3 Bc5 30. Rxh5 d4 31. Ne4 Bxe4 32. Qxe4 Re7 33. Qd3 Re3 34. Qf5 Rc6 35. Rh8+ Ka7 36. Rh3 Re8 37. Rb3 Qc7 38. g3 Bb6 39. Rd2 Re1 40. Ka2 Rc1 41. c3 dxc3 42. Nxc3 R6xc3 43. Rxc3 Rxc3 44. bxc3 Qxc3 45. Qc2 Qe3 46. Re2 Qd4 47.
Qb3 a4 48. Qb4 Qd5+ 49. Kb1 Qd3+ 50. Rc2 Qd7 51. Qc4 Qe8 52. Ka2 Qd7 53. Re2 Qd1 54. Rc2 Bd4 55. Qxa4+ Kb8 56. Rc8+ Kxc8 57. Qxd1 1-0

[Event "*** Titled Tuesday Blitz"]
[Site "Chess.com"]
[Date "2019.06.04"]
[Round "4"]
[White "51616516516"]
[Black "fidezivkovic"]
[Result "1-0"]
[WhiteElo "2334"]
[BlackElo "2223"]
[TimeControl "180+2"]
[EndTime "13:51:57 PDT"]
[Termination "51616516516 won on time"]

1. d4 Nf6 2. c4 g6 3. g3 Bg7 4.
Bg2 O-O 5. Nf3 d6 6. O-O c6 7.
h3 d5 8. cxd5 cxd5 9. Nc3 Nc6 10. Ne5 e6 11. Nxc6 bxc6 12. b3 Nd7 13. Bb2 c5 14.
Na4 Ba6 15. Re1 Rc8 16. Rc1 Bb5 17. dxc5 Bxa4 18. Bxg7 Kxg7 19. Qd4+ Qf6 20. Qxa4 Nxc5 21. Qxa7 Ne4 22. Bxe4 dxe4 23. Qe3 Qb2 24. Rxc8 Rxc8 25. a4 Rc3 26. Qd4+ Kh6 27. Qxe4 Qxb3 28. a5 Rc4 29. Qe5 Ra4 30. Ra1 Rxa1+ 31. Qxa1 Qb7 32. a6 Qa7 33.
Qa5 f5 34. Qb5 Kg5 35. Qb7 Qd4 36. a7 1-0

[Event "*** Titled Tuesday Blitz"]
[Site "Chess.com"]
[Date "2019.06.04"]
[Round "4"]
[White "temus_galaktionov"]
[Black "iturrizaga"]
[Result "1-0"]
[WhiteElo "2715"]
[BlackElo "2923"]
[TimeControl "180+2"]
[EndTime "13:52:03 PDT"]
[Termination "temus_galaktionov won by resignation"]

1. d4 Nf6 2. Nf3 b6 3. g3 Bb7 4.
Bg2 g6 5. c4 Bg7 6. Nc3 O-O 7.
d5 e6 8. O-O exd5 9. cxd5 Re8 10.
Nd4 Na6 11. Re1 Nc5 12. e4 d6 13. b4 Ncd7 14. Bb2 Ne5 15. Bf1 a5 16. a3 Nfd7 17.
f4 axb4 18. axb4 Rxa1 19. Bxa1 Ng4 20. Nc6 Bxc6 21. dxc6 Ndf6 22. h3 Nh6 23. g4 Nfxg4 24. hxg4 Qh4 25. Qd2 Qg3+ 26. Bg2 Nxg4 27. Nd5 Bxa1 28.
Rxa1 Rxe4 29. Qc3 Qxc3 30. Nxc3 Rxb4 31. Nd5 Rc4 32. Nxc7 Ne3 33. Bh1 Rc5 34. Na6 Rc2 35.
Re1 Nf5 36. c7 Kf8 37. Be4 Rc3 38. Bxf5 gxf5 39. Rb1 Ke7 40. Rxb6 1-0

[Event "*** Titled Tuesday Blitz"]
[Site "Chess.com"]
[Date "2019.06.04"]
[Round "4"]
[White "mjray79"]
[Black "Shivagami"]
[Result "0-1"]
[WhiteElo "2106"]
[BlackElo "2091"]
[TimeControl "180+2"]
[EndTime "13:52:04 PDT"]
[Termination "Shivagami won by resignation"]

1. d4 d5 2. c4 c6 3. Nc3 Nf6 4. Nf3 dxc4 5. a4 Bf5 6. Ne5 Nbd7 7. Nxc4 Qc7 8. g3 e5 9. dxe5 Nxe5 10. Bf4 Nfd7 11.
Bg2 f6 12. O-O g5 13. Bxe5 fxe5 14. Rc1 Bc5 15. b4 Bxb4 16. Ne3 Be6 17. Ncd5 Bxd5 18.
Nxd5 Qd6 19. Nxb4 Qxb4 20. Rb1 Qe7 21. Rxb7 O-O-O 22. Bxc6 Qe6 23. Bd5 Qd6 24. Rxa7 Nc5 25. Ra8+ Kc7 26. Rxd8 Rxd8 27. e4 Nxe4 28. Qc2+ Nc5 29.
Qxh7+ Rd7 30. Bf7 Nd3 31. Qg6 Qd4 32. Be8 Re7 33. Qc6+ Kd8 34. Qa8+ Kc7 35. Qc6+ Kd8 36. Bh5 e4 37. Qc2 e3 38. Rb1 exf2+ 39. Kg2 Ne1+ 40.
Rxe1 fxe1=Q 0-1

[Event "*** Titled Tuesday Blitz"]
[Site "Chess.com"]
[Date "2019.06.04"]
[Round "4"]
[White "slowdgehammer"]
[Black "LuisFSiles"]
[Result "0-1"]
[WhiteElo "2362"]
[BlackElo "2175"]
[TimeControl "180+2"]
[EndTime "13:52:05 PDT"]
[Termination "LuisFSiles won by checkmate"]

1. Nf3 Nf6 2. c4 g6 3. b3 Bg7 4. Bb2 O-O 5. g3 d6 6. Bg2 c5 7.
O-O Nc6 8. d4 cxd4 9. Nxd4 Bd7 10. Nc3 a6 11. Rc1 Qb6 12. Na4 Qa5 13. Bc3 Qd8 14.
Nb2 Rc8 15. e4 Nxd4 16. Bxd4 Bc6 17. Qe2 Nd7 18. Bxg7 Kxg7 19. f4 Nc5 20. b4 Na4 21. Nd3 b5 22. c5 dxc5 23. bxc5 Qd4+ 24. Kh1 Rfd8 25. Ne5 Nc3 26. Qb2 b4 27. Nf3 Qxe4 28. Rfe1 Qc4 29. a3 a5 30. Rxe7 Qxc5 31. axb4 axb4 32. Re5 Qc4 33. h4 Rd3 34. Nd2 Bxg2+ 35. Kxg2 Qc6+ 36. Kh2 Rcd8 37. Ne4 f5 38.
Qxb4 Rd2+ 39. Nxd2 Rxd2+ 40. Kh3 Qg2# 0-1

[Event "*** Titled Tuesday Blitz"]
[Site "Chess.com"]
[Date "2019.06.04"]
[Round "4"]
[White "Manukyan_Artak"]
[Black "ozates"]
[Result "1/2-1/2"]
[WhiteElo "2398"]
[BlackElo "2220"]
[TimeControl "180+2"]
[EndTime "13:52:06 PDT"]
[Termination "Game drawn by repetition"]

1. e4 c5 2. Nf3 Nc6 3. c3 Nf6 4. e5 Nd5 5. d4 cxd4 6. cxd4 d6 7. Nc3 Nxc3 8. bxc3 dxe5 9. d5 e4 10. Ng5 Ne5 11.
Nxe4 g6 12. Bb5+ Bd7 13. Bxd7+ Qxd7 14. O-O Bg7 15. d6 O-O 16. dxe7 Qxe7 17. a4 Rfd8 18. Qb3 Qh4 19. Ng3 Ng4 20. h3 Nxf2 21. Kxf2 Rd3 22. Qxb7 Qxg3+ 23. Kg1 Rad8 24. Qxf7+ Kh8 25. Bf4 Qh4 26.
Rac1 R3d7 27. Qe6 Re7 28. Qg4 Qxg4 29. hxg4 Rc8 30. c4 Re4 31. c5 Rxc5 32. Rxc5 Bd4+ 33.
Kh2 Bxc5 34. a5 Rxf4 35. Rxf4 Bd6 36. g3 Bxf4 37. gxf4 Kg7 38. Kg3 Kf6 39. Kh4 a6 40. Kg3 h5 41. Kh4 hxg4 42. Kxg4 Kf7 43. Kg5 Kg7 44. Kh4 Kf6 45. Kg4 Kf7 46. Kg5 Kg7 47. f5 gxf5 48. Kxf5 Kf7 49. Ke5 Ke7 50. Kd5 Kd7 51. Kc5 Kc7 52. Kd5 Kd7 53. Kc5 Kc7 54. Kd5 Kd7 1/2-1/2

[Event "*** Titled Tuesday Blitz"]
[Site "Chess.com"]
[Date "2019.06.04"]
[Round "4"]
[White "gammagramma"]
[Black "FERNANDEZL1983"]
[Result "0-1"]
[WhiteElo "2637"]
[BlackElo "2430"]
[TimeControl "180+2"]
[EndTime "13:52:11 PDT"]
[Termination "FERNANDEZL1983 won by resignation"]

1. d4 Nf6 2. Nf3 g6 3. c4 Bg7 4. Nc3 O-O 5. Bf4 d6 6. e3 Bg4 7.
h3 Bxf3 8. Qxf3 Nc6 9. Rd1 Qe8 10. Nd5 Rc8 11. e4 Nd7 12. Be3 e6 13. Nc3 e5 14.
d5 Nd4 15. Qg3 f5 16. exf5 gxf5 17. Bh6 Qg6 18. Qxg6 hxg6 19. Bxg7 Kxg7 20. Bd3 Nc5 21. O-O a5 22. Rfe1 f4 23. Ne4 Nxe4 24. Bxe4 Rf6 25. Rd3 Rh8 26. Rc1 b6 27. Kf1 g5 28.
f3 Kh6 29. Kf2 Ra8 30. b3 Rff8 31. a3 Kg7 32. Ke1 Kf6 33. Rb1 Rfb8 34. Kd2 b5 35. Rxd4 exd4 36. Kd3 bxc4+ 37. Kxc4 Ra6 38. Kxd4 Rab6 39.
Kc4 Rb5 40. b4 axb4 41. axb4 R5b6 42. Rb2 Ra6 43. Kb3 Rba8 44. Re2 Ra3+ 45. Kc4 Rb8 46.
Bc2 Re3 47. Rd2 Ke5 48. Be4 Ra8 49. Kb5 Rc3 50. Rb2 Rb8+ 51. Ka4 Kd4 52. Rb1 Ke3 53. b5 Rc4+ 54. Ka3 Kd4 55. Rb3 Kc5 56. Kb2 Rb4 57. Kc3 Rxb3+ 58. Kxb3 Rxb5+ 59. Kc3 Ra5 0-1

[Event "*** Titled Tuesday Blitz"]
[Site "Chess.com"]
[Date "2019.06.04"]
[Round "4"]
[White "FairChess_on_YouTube"]
[Black "mouseWLZ"]
[Result "0-1"]
[WhiteElo "3047"]
[BlackElo "2712"]
[TimeControl "180+2"]
[EndTime "13:52:13 PDT"]
[Termination "mouseWLZ won by resignation"]

1. d4 Nf6 2. c4 g6 3. Nc3 Bg7 4. e4 d6 5. h3 O-O 6. Be3 Nc6 7.
Nge2 e5 8. d5 Nb8 9. g4 a5 10. Ng3 Na6 11. g5 Ne8 12. h4 f5 13.
gxf6 Nxf6 14. Be2 Nc5 15. h5 Bd7 16. hxg6 hxg6 17. f3 Qe7 18. Qd2 Kf7 19. O-O-O Rh8 20. Bg5 Rxh1 21. Nxh1 Rh8 22. Nf2 Rh2 23. Rf1 Kg8 24.
Qe3 Qe8 25. f4 Nh5 26. f5 gxf5 27. exf5 Bxf5 28. Ng4 Rxe2 29. Nh6+ Bxh6 30. Nxe2 Bxg5 31. Qxg5+ Bg6 32. Qh6 Nd3+ 33. Kd2 Ndf4 34. Rg1 Qf7 35. Nc3 Qf5 36. Ke1 Qd3 37. Rxg6+ Qxg6 38. Qxg6+ Nxg6 39. Nb5 Nhf4 40. Kd2 Nh4 41. Nxc7 Nf5 42. Na8 e4 43. Nb6 e3+ 44. Ke1 Nd4 45. c5 Nf3+ 0-1

[Event "*** Titled Tuesday Blitz"]
[Site "Chess.com"]
[Date "2019.06.04"]
[Round "4"]
[White "fish7728"]
[Black "levallem"]
[Result "0-1"]
[WhiteElo "2238"]
[BlackElo "2278"]
[TimeControl "180+2"]
[EndTime "13:52:16 PDT"]
[Termination "levallem won by checkmate"]

1. d4 d5 2. c4 e6 3. Nc3 Nf6 4. cxd5 exd5 5. Bg5 c6 6. e3 Be7 7. Bd3 Bg4 8. Nf3 Nbd7 9. h3 Bh5 10. g4 Bg6 11. Ne5 Bxd3 12. Qxd3 Nxg4 13. hxg4 Nxe5 14. dxe5 Bxg5 15. Rxh7 Rg8 16. e6 Qe7 17. Qf5 Bf6 18. exf7+ Qxf7 19. O-O-O Bxc3 20. Qxf7+ Kxf7 21. bxc3 Rae8 22. Rdh1 Re4 23. R1h4 Ra4 24. Kb2 Re8 25. Kb3 Rc4 26. R4h6 Rd8 27. f3 Re8 28. Rd6 Re7 29. Rd8 Kg6 30.
Rh5 b5 31. Rd6+ Kf7 32. Rf5+ Ke8 33. g5 Rxe3 34. g6 Rexc3+ 35. Kb2 Rc2+ 36. Kb3 R2c3+ 37. Kb2 Re3 38. Rf7 Re7 39. Rf5 a5 40. Kb3 a4+ 41. Kb2 Re2+ 42. Kb1 a3 43. Rf7 Re1# 0-1

[Event "*** Titled Tuesday Blitz"]
[Site "Chess.com"]
[Date "2019.06.04"]
[Round "4"]
[White "ChessWarrior7197"]
[Black "JMatias"]
[Result "1-0"]
[WhiteElo "2841"]
[BlackElo "2427"]
[TimeControl "180+2"]
[EndTime "13:52:17 PDT"]
[Termination "ChessWarrior7197 won by resignation"]

1. d4 Nf6 2. Nf3 e6 3. e3 c5 4. b3 b6 5. Bb2 Bb7 6. Bd3 d6 7. O-O Be7 8. Nbd2 O-O 9. Qe2 Nc6 10. a3 cxd4 11. exd4 Re8 12. Rfe1 Bf8 13. Ne4 Nxe4 14. Qxe4 g6 15. Qe2 Bg7 16. Rad1 d5 17. Ne5 Nxe5 18. dxe5 Qh4 19. g3 Qh3 20. Bd4 Rac8 21. Qf3 Bf8 22. b4 Rc7 23. c3 Rec8 24. Bf1 Qf5 25. Qe3 Qh5 26. Be2 Qh3 27. f4 Bc6 28. Rd2 Ba4 29. Bf1 Qh6 30. Kg2 Bb3 31. Be2 Bc4 32. Bf3 Be7 33. h4 Bb5 34. Rh1 Rc6 35. g4 Qg7 36. Kg3 a5 37. g5 axb4 38. axb4 Ra8 39. h5 Ra3 40. hxg6 fxg6 41. Rdh2 Bxb4 42. Rb2 Rcxc3 43. Bxc3 Rxc3 44. Qxb6 Qd7 45. Rxb4 Be2 46. Qb8+ Rc8 47. Qd6 Qa7 48. Qxe6+ Kg7 49. Qxc8 Bxf3 50. Rb7+ 1-0

[Event "*** Titled Tuesday Blitz"]
[Site "Chess.com"]
[Date "2019.06.04"]
[Round "4"]
[White "soolking67"]
[Black "adriangschnitzer"]
[Result "1-0"]
[WhiteElo "2552"]
[BlackElo "2472"]
[TimeControl "180+2"]
[EndTime "13:52:18 PDT"]
[Termination "soolking67 won by checkmate"]

1. d4 Nf6 2. Nf3 c5 3. c3 d5 4. Bf4 Nc6 5. e3 Qb6 6. Qc2 g6 7. dxc5 Qxc5 8. h3 Bf5 9. Bd3 Bxd3 10. Qxd3 Bg7 11. Nbd2 O-O 12. O-O Rfe8 13. e4 e5 14. Be3 Qd6 15. Qb5 Nxe4 16. Nxe4 dxe4 17. Ng5 Qd3 18. Qxb7 Ne7 19. Rad1 Qc4 20. Rd7 h6 21. Rxe7 hxg5 22. b3 Qc8 23. Rxf7 Qxb7 24. Rxb7 g4 25. hxg4 a5 26. Rd1 Red8 27. Rxd8+ Rxd8 28. Ra7 Rd3 29. c4 Bf8 30. Rxa5 Bb4 31. Rd5 Bc3 32. Kf1 Bd4 33.
Ke2 Kf7 34. Bxd4 exd4 35. b4 Ke6 36. b5 Ra3 37. Rxd4 Ke5 38. Rd2 Kf4 39. Rb2 e3 40. b6 exf2 41. Kxf2 Kxg4 42. b7 g5 43. b8=Q Ra5 44.
Qc8+ Rf5+ 45. Qxf5+ Kh4 46. Qh3# 1-0

[Event "*** Titled Tuesday Blitz"]
[Site "Chess.com"]
[Date "2019.06.04"]
[Round "4"]
[White "Meharchinnareddy"]
[Black "penguingm1"]
[Result "0-1"]
[WhiteElo "2641"]
[BlackElo "2912"]
[TimeControl "180+2"]
[EndTime "13:52:20 PDT"]
[Termination "penguingm1 won by resignation"]

1. d4 d5 2. Bf4 Nf6 3. e3 e6 4.
Nf3 Bd6 5. Bxd6 cxd6 6. Nbd2 O-O 7.
c4 dxc4 8. Bxc4 b6 9. O-O Bb7 10. Qe2 Qe7 11. Rac1 a6 12. h3 Rc8 13. Bd3 Nbd7 14.
Nc4 h6 15. Rfd1 Rc7 16. Ncd2 Qd8 17. Nc4 Rac8 18. Ra1 Qe7 19. Ncd2 Nb8 20. Nc4 Nfd7 21. b3 Nc6 22. e4 Nb4 23. Bb1 d5 24. Nce5 dxe4 25.
Bxe4 Bxe4 26. Qxe4 Nf6 27. Qh4 Nc2 28. Rab1 b5 29. Rd2 Qa3 30. Ng4 Nxg4 31. Qxg4 Qxa2 32. Rbd1 Qxb3 33. d5 exd5 34. Rxd5 Re8 35. Nh4 Rc4 36.
Qd7 Rce4 37. Nf5 Qb4 38. Ng3 R4e7 39. Qf5 Qc3 40. Kh2 g6 41. Qg4 Nb4 42. Rd8 Qc4 43. Nf5 Qc7+ 44. Qg3 Rxd8 45. Qxc7 Rxc7 46. Rxd8+ Kh7 47.
Nd4 Nc6 48. Nxc6 Rxc6 49. Rd7 Kg7 50. Rb7 Rc4 51. Ra7 Ra4 52. f4 b4 53. Rb7 a5 54. g4 Ra3 55. f5 gxf5 56. gxf5 b3 57. Rb6 a4 58. Kg3 b2+ 59. Kf4 Rb3 0-1

[Event "*** Titled Tuesday Blitz"]
[Site "Chess.com"]
[Date "2019.06.04"]
[Round "4"]
[White "kasparicy"]
[Black "ENEASZ"]
[Result "1/2-1/2"]
[WhiteElo "2350"]
[BlackElo "2506"]
[TimeControl "180+2"]
[EndTime "13:52:21 PDT"]
[Termination "Game drawn - insufficient material"]

1. e4 d6 2. d4 Nf6 3. Nc3 e5 4. f4 exd4 5. Qxd4 c6 6. Nf3 Bg4 7. Be3 Nbd7 8. O-O-O Be7 9. e5 Bxf3 10. gxf3 Nh5 11.
exd6 Bf6 12. Qe4+ Kf8 13. Bd4 g6 14. f5 Kg7 15. fxg6 hxg6 16. Bc4 Re8 17. Qg4 b5 18. Bb3 a5 19. a4 bxa4 20. Nxa4 Ne5 21. Qe4 Qxd6 22.
Bc5 Qc7 23. Bd6 Qa7 24. f4 Ng4 25. Qc4 Ne3 26. Bc5 Nxc4 27. Bxa7 Nxb2 28. Rd7 Nxa4 29. Rxf7+ Kh6 30. Bxa4 Re7 31. Rxe7 Bxe7 32. Be3 Ba3+ 33. Kb1 Rb8+ 34. Ka2 Bd6 35. f5+ Kg7 36. fxg6 Rb4 37. Bxc6 Rc4 38. Be8 Rxc2+ 39. Kb3 Re2 40. Bd4+ Kh6 41.
Bf7 Rxh2 42. Rg1 Bf8 43. Be3+ Kg7 44. Bd4+ Kh6 45. Ka4 Rh4 46. Rd1 Bg7 47. Kxa5 Bxd4 48. Kb5 Bg7 49. Rd8 Kg5 50. Rd5+ Kh6 51. Rd8 Nf4 52.
Kc6 Nxg6 53. Rd6 Rg4 54. Rxg6+ Rxg6+ 55. Bxg6 1/2-1/2